 Dungeon Crawl Stone Soup version 0.27-a0-1590-g15f69828bf (webtiles) character file.

Game seed: 4893901139596914751

42 duskshroud the Chopper (level 3, -1/49 HPs)
             Began as a Minotaur Berserker on July 18, 2021.
             Was a Believer of Trog.
             Killed from afar by a white imp (8 damage)
             ... with a puff of frost
             ... summoned by Natasha
             ... on level 2 of the Dungeon.
             The game lasted 00:03:58 (1916 turns).

duskshroud the Chopper (Minotaur Berserker)         Turns: 1916, Time: 00:03:59

Health: -1/49      AC:  2    Str: 22    XL:     3   Next: 33%
Magic:  2/2        EV: 12    Int:  4    God:    Trog [**....]
Gold:   114        SH:  0    Dex:  9    Spells: 2/2 levels left

rFire    . . .     SeeInvis .   a - +0 hand axe
rCold    . . .     Faith    .   (no shield)
rNeg     . . .     Spirit   .   b - +0 animal skin
rPois    .         Reflect  .   (helmet restricted)
rElec    .         Harm     .   (no cloak)
rCorr    .         Rampage  .   (no gloves)
Will     .....                  (no boots)
Stlth    ..........             (no amulet)
HPRegen  0.16/turn              (no ring)
MPRegen  0.08/turn              (no ring)

@: berserking, very quick
A: horns 2, retaliatory headbutt
a: Renounce Religion, Berserk, Trog's Hand


You were on level 2 of the Dungeon.
You worshipped Trog.
Trog was pleased with you.
You visited 1 branch of the dungeon, and saw 2 of its levels.

You collected 114 gold pieces.

Inventory:

Hand Weapons
 a - a +0 hand axe (weapon)
Missiles
 i - 42 arrows
Armour
 b - a +0 animal skin (worn)
 h - a +0 kite shield
Scrolls
 d - 2 scrolls of enchant weapon {unknown}
 e - a scroll of immolation {unknown}
 f - 2 scrolls of identify {unknown}
 g - a scroll of teleportation {unknown}
 j - a scroll of magic mapping {unknown}
 l - 2 scrolls of noise {unknown}
 m - a scroll of fog {unknown}
Potions
 c - 2 potions of heal wounds {unknown}
 k - 3 potions of flight {unknown}


   Skills:
 + Level 4.2 Fighting
 * Level 4.9 Axes
 - Level 2.4 Armour
 - Level 2.1 Dodging


You had 2 spell levels left.
You didn't know any spells.
Your spell library was empty.

Dungeon Overview and Level Annotations

Branches:
Dungeon (2/15)

Altars:

Shops:
D:2 *

Annotations:
D:2 Natasha


Innate Abilities, Weirdness & Mutations

You have a pair of horns on your head.
You reflexively headbutt those who attack you in melee.


Message History

You miss Natasha. Natasha claws you.
You closely miss Natasha. Your headbutt misses Natasha.
Natasha barely misses you. Natasha claws you.
You closely miss Natasha. Natasha casts a spell at you.
The magic dart hits you.
You hit Natasha but do no damage. You headbutt Natasha!
Natasha is heavily wounded.
Natasha claws you!
You barely miss Natasha. Your headbutt misses Natasha.
Natasha is heavily wounded.
Natasha claws you but does no damage.
You completely miss Natasha.
Natasha is heavily wounded.
Natasha mumbles some strange words.
You barely miss Natasha.
Natasha is heavily wounded.
You hit the white imp. Natasha barely misses you.
The white imp completely misses you.
You slash Natasha!
Natasha is almost dead.
You hit the white imp but do no damage. Natasha claws you!
The white imp hits you.
* * * LOW HITPOINT WARNING * * *
The white imp freezes you.
* * * LOW HITPOINT WARNING * * *
You are too injured to fight recklessly!
You are too injured to fight recklessly!
You are too injured to fight recklessly!
You are too injured to fight recklessly!
You are too injured to fight recklessly!
You are too injured to fight recklessly!
You are too injured to fight recklessly!
You are too injured to fight recklessly!
A red film seems to cover your vision as you go berserk!
You feel yourself moving faster!
You feel mighty! Natasha claws you.
* * * LOW HITPOINT WARNING * * *
The white imp gestures at you. The puff of frost hits you!
You die...

.# #.#
..............####..
.###.# ..######.#...##.#
#.. .....# #...
..#.#......# #.. ..####
#### #.#..[...#.# #..
#.# #.#.#....#.# #.. #.#
#.#######.#........###.#
#.#
#...........#...........
#.#
#.###.5.###.##.#.#.###..
### .......@#
#.##.#.#.###.. #......h#
####.#.#.##... #.#.##..#
#.#.#.##... #.. ....
#.#........ #. ###>#
###.###.##... # ...
#...# #.##... #.# #.###
#.##... #.# #.# #.##...
#.# #.###..


You could see Natasha and a white imp (summoned).

Vanquished Creatures
  A worm (D:2)
  A dart slug (D:1)
  8 bats
  3 endoplasms (D:1)
  A goblin (D:1)
  2 hobgoblins
  3 quokkas (D:1)
  5 ball pythons
  2 frilled lizards
  5 kobolds
  2 rats
33 creatures vanquished.

Vanquished Creatures (others)
  A fungus (D:2)
1 creature vanquished.

Grand Total: 34 creatures vanquished

Notes
Turn   | Place    | Note
-------+----------+-------------------------------------------
     0 | D:1      | duskshroud the Minotaur Berserker began the quest for the
                  | Orb.
     0 | D:1      | Reached XP level 1. HP: 19/19 MP: 0/0
   122 | D:1      | Reached XP level 2. HP: 15/27 MP: 1/1
   863 | D:1      | Reached ** piety under Trog
   864 | D:1      | Reached XP level 3. HP: 21/33 MP: 2/2
  1005 | D:1      | Found a faded altar of an unknown god.
  1356 | D:2      | Found Qezal's Assorted Antiques.
  1904 | D:2      | Noticed Natasha
  1916 | D:2      | Killed from afar by a white imp

Illustrated notes

Levels and vault maps discovered:
D:1:      kennysheep_arrival_seaside, layout_basic,
          hellmonk_ecumenical_altar_arch_garden, grunt_decor_arrowhead
D:2:      layout_basic, serial_shops, shop, uniq_crazy_yiuf_cottage,
          uniq_natasha

Skill      XL: |  1  2 |
---------------+-------+-----
Axes           | 4 |  4.9
Fighting       | 4 |  4.2
Armour         | |  2.4
Dodging        | |  2.1

Action                   || total
-------------------------++-------
Melee: Hand axe          ||    72
       Headbutt          ||     8
Invok: Berserk           ||     1
 Stab: Distracted        ||     1
Armor: Animal skin       ||    14
Dodge: Dodged            ||    55

Table legend: (Time is in decaauts)
 A = Elapsed time spent in this place.
 B = Non-inter-level travel time spent in this place.
 C = Inter-level travel time spent in this place.
 D = Time resting spent in this place.
 E = Time spent auto-exploring this place.
 F = Levels seen in this place.
 G = Mean time per level.
                   A        B        C        D        E       F      G
               +--------+--------+--------+--------+--------+-----+--------+
         Total |   1923 |   1891 |     32 |    767 |    869 |   2 |  961.5 |
       Dungeon |   1923 |   1891 |     32 |    767 |    869 |   2 |  961.5 |
               +--------+--------+--------+--------+--------+-----+--------+

Top non-repeatable levels by time:
     D:1: 1127 daAuts
     D:2: 795 daAuts
